 Dungeon Crawl Stone Soup version 0.16-b1 (webtiles) character file.

27064 grisnicke the Brawler (level 13, -1/113 HPs)
             Began as a Ghoul Monk on Mar 8, 2015.
             Was a High Priest of Ru.
             Slain by a death yak (3 damage)
             ... on level 5 of the Lair of Beasts on Mar 10, 2015.
             The game lasted 01:44:50 (15037 turns).

grisnicke the Brawler (Ghoul Monk)                 Turns: 15037, Time: 01:44:50

Health: -1/113     AC: 10    Str: 16    XL:     13   Next: 30%
Magic:  22/22      EV: 18    Int:  3    God:    Ru [*****.]
Gold:   1246       SH:  0    Dex: 15    Spells: 2 memorised, 5 levels left

rFire  . . .     SeeInvis .       - Unarmed
rCold  + . .     Clarity  .     k - +0 leather armour {MR+}
rNeg   + + +     SustAb   .     (shield unavailable)
rPois  ∞         Gourm    .     (no helmet)
rElec  .         Spirit   .     p - +2 cloak
rCorr  .         Warding  +     (no gloves)
rMut   .         Stasis   .     w - +2 pair of boots
MR     ++...                    q - amulet of warding
Stlth  +++.......               i - ring of protection from magic
                                (ring unavailable)

@: no potions, rotting, very resistant to hostile enchantments, fairly stealthy
A: rotting body, claws 1, carnivore 3, cold resistance 1, dopey 1, negative
energy resistance 3, poison resistance, slow healing 1, torment resistance,
unbreathing, inability to drink while threatened, missing a hand, no earth
magic, no hexes magic, no summoning magic
a: Draw Out Power, Power Leap, Apocalypse, Renounce Religion


You were on level 5 of the Lair of Beasts.
You worshipped Ru.
Ru was extremely pleased with you.
You were not hungry.

You visited 3 branches of the dungeon, and saw 16 of its levels.
You also visited: Labyrinth, Ossuary and Bailey.

You collected 1246 gold pieces.

Inventory:

Hand weapons
 b - a +0 blowgun
Missiles
 l - 52 poisoned needles
 x - 4 steel tomahawks (quivered)
 W - 3 steel javelins
 Z - 5 silver javelins
Armour
 k - a +0 leather armour of magic resistance (worn)
 p - a +2 cloak (worn)
 w - a +2 pair of boots (worn)
Jewellery
 c - an uncursed ring of protection from cold
 i - a ring of protection from magic (right claw)
 q - an amulet of warding (around neck)
 v - an uncursed ring of see invisible
 D - an uncursed ring of protection from fire
 X - an uncursed ring of teleportation
Magical devices
 t - a wand of enslavement (10)
 y - a wand of digging (11)
 A - a wand of fire (11)
 H - a wand of teleportation (1)
 L - a wand of lightning (0)
 N - a wand of disintegration (11)
 O - a wand of polymorph (11)
 Q - a wand of lightning (7)
 R - a wand of cold (0)
 V - a wand of cold (7)
Scrolls
 a - a scroll of magic mapping
 f - 6 scrolls of remove curse
 n - 3 scrolls of teleportation
 z - a scroll of identify
 E - a scroll of enchant armour
 J - a scroll of fog
Potions
 e - a potion of might
 g - 4 potions of heal wounds
 h - 2 potions of flight
 j - a potion of invisibility
 m - 7 potions of curing {unknown}
 o - 6 potions of restore abilities
 r - 5 potions of brilliance
 s - a potion of resistance {unknown}
 G - 3 potions of agility
 I - a potion of ambrosia
 K - 3 potions of magic
 M - 3 potions of haste {unknown}
 T - a potion of cancellation {unknown}
Miscellaneous
 P - a lamp of fire (inert)
 S - a phial of floods
Comestibles
 d - 13 meat rations
 u - 4 beef jerkies
 C - 7 slices of pizza
 Y - 8 royal jellies


   Skills:
 - Level 10.0 Fighting
 - Level 5.0 Armour
 - Level 10.0 Dodging
 - Level 4.0 Stealth
 + Level 15.5 Unarmed Combat
 + Level 7.4 Evocations


You had 5 spell levels left.
You knew the following spells:

 Your Spells              Type           Power        Failure   Level  Hunger
a - Monstrous Menagerie   Summ           #.........   100%        6    #######
b - Summon Butterflies    Summ           #.......     75%         1    ##.....


Dungeon Overview and Level Annotations

Branches:
Dungeon (10/15)            Temple (1/1) D:7            Lair (5/8) D:10
 Spider (0/5) Lair:4
  Swamp: Lair:3-6    Shoals: Lair:3-6       Orc: D:9-12

Altars:
Ashenzari
Cheibriados
Dithmenos
Elyvilon
Fedhas
Gozag
Kikubaaqudgha
Makhleb
Nemelex Xobeh
Okawaru
Qazlal
Ru
Sif Muna
Trog
Vehumet
Xom
Yredelemnul
Zin
The Shining One
Lugonu

Shops:
D:8 (

Annotations:
D:9 exclusions: adder, ugly thing and 1 more exclusion
D:10 Erica


Innate Abilities, Weirdness & Mutations

Your body is rotting away.
You thrive on raw meat.
You have sharp fingernails.
You are carnivorous and can eat meat at any time.
Your flesh is cold resistant.
You are dopey. (Int -2)
You are immune to negative energy.
Your system is resistant to poisons.
You heal slowly when monsters are visible.
You are immune to unholy pain and torment.
You can survive without breathing.
You cannot drink potions while threatened.
You are missing a hand.
You cannot study or cast Earth magic.
You cannot study or cast Hexes magic.
You cannot study or cast Summoning magic.


Message History

You scratch the death yak but do no damage.
The death yak is moderately wounded.
The death yak gores you.
You mangle the death yak!!
The death yak is severely wounded.
The death yak barely misses you.
You scratch the death yak.
The death yak is severely wounded.
You barely miss the death yak.
The death yak is severely wounded.
The death yak gores you!!
* * * LOW HITPOINT WARNING * * *
You claw the death yak!
The death yak is almost dead.
The death yak gores you!
* * * LOW HITPOINT WARNING * * *
You scratch the death yak.
The death yak is almost dead.
The death yak gores you.
You die...

,,,,,(...........................
,,,,,............................
,,,,,............................
,,,,......((.....................
,,,,..((.........................
,,,,.............................
,*,,*###..#.##..#..........PP.###
,,,** #.#*##*##YP..........##.# #
,,** #** #.@.........##### ,,*
#.#...........# ,,*
###.........#.# ,,*
#...........## ,,* #............#
,,* ##..........## ,***
##.......P## ,*,* #........##
,,** ##P.......#


You could see a death yak (bleeding).

Vanquished Creatures
  A minotaur (Lab)
  2 hydras
  2 death yaks (Lair:5)
  A wolf spider (Lair:4)
  5 elephants
  Joseph (D:7)
  5 black mambas
  5 komodo dragons
  A torpor snail (Lair:5)
  8 spiny frogs
  A fire drake (Lair:4)
  2 trolls
  A queen bee (Lair:3)
  4 blink frogs (Lair:5)
  A wyvern (D:9)
  2 basilisks
  A hog (D:7)
  23 yaks
  The ghost of heinrich the Ruffian, an average TrMo (D:4)
  A deep elf mage (D:9)
  A hungry ghost (D:7)
  A deep elf fighter (Bailey)
  5 hippogriffs
  A human (D:7)
  4 wolves (Lair:3)
  8 water moccasins
  An orc warrior (D:10)
  7 porcupines
  An eye of draining (D:10)
  2 phantoms
  An ice beast (D:8)
  3 sky beasts
  2 centaurs
  A boring beetle (Lair:5)
  11 crocodiles
  4 ogres
  A big kobold (D:8)
  8 giant frogs
  A water moccasin zombie (D:5)
  18 killer bees
  A vampire bat (Lair:1)
  5 wights (D:10)
  A goliath beetle (D:7)
  3 centaur zombies
  5 crimson imps
  6 hounds
  Crazy Yiuf (D:4)
  A quasit (D:9)
  6 orc priests
  9 iguanas
  A giant frog skeleton (D:5)
  13 orc wizards
  7 worker ants
  19 sheep
  Ijyb (D:5)
  Jessica (D:2)
  3 hound skeletons
  9 mummies
  5 gnolls
  48 river rats
  21 adders
  2 giant mites
  3 shadow imps
  4 worms
  An adder zombie (D:5)
  An adder skeleton (D:4)
  2 giant geckos
  An ooze (D:3)
  45 orcs
  20 bats
  A bat skeleton (D:7)
  2 bat zombies (D:8)
  6 giant cockroaches
  8 hobgoblins
  15 jackals
  20 kobolds
  8 quokkas
  A ball python (D:3)
  6 giant newts
  2 gnoll zombies (Ossuary)
  12 goblins
  A hobgoblin zombie (Ossuary)
  3 kobold zombies (Ossuary)
  3 orc zombies
  2 quokka skeletons
  2 quokka zombies (D:7)
  11 rats
  5 ballistomycetes
502 creatures vanquished.

Vanquished Creatures (collateral kills)
  A yak (Lair:1)
1 creature vanquished.

Vanquished Creatures (others)
  A hill giant (D:9)
  A blink frog (Lair:5)
  2 yaks
  A hippogriff (D:9)
  2 iguanas
  A river rat (Lair:2)
  2 giant spores
10 creatures vanquished.

Grand Total: 513 creatures vanquished

Notes
Turn   | Place    | Note
--------------------------------------------------------------
     0 | D:1      | grisnicke, the Ghoul Monk, began the quest for the Orb.
     0 | D:1      | Reached XP level 1. HP: 19/19 MP: 1/1
   110 | D:1      | Reached XP level 2. HP: 26/26 MP: 2/2
   367 | D:1      | Reached skill level 5 in Unarmed Combat
   427 | D:1      | Reached XP level 3. HP: 29/31 MP: 3/3
   960 | D:2      | Noticed Jessica
   966 | D:2      | Killed Jessica
   966 | D:2      | Reached skill level 6 in Unarmed Combat
   966 | D:2      | Reached XP level 4. HP: 37/37 MP: 3/3
  1530 | D:3      | Reached XP level 5. HP: 15/44 MP: 4/4
  1555 | D:3      | Reached skill level 7 in Unarmed Combat
  1777 | D:2      | Found a basalt altar of Yredelemnul.
  2489 | D:4      | Reached XP level 6. HP: 50/50 MP: 5/5
  2615 | D:3      | Reached skill level 8 in Unarmed Combat
  2672 | D:4      | Noticed heinrich's ghost (average TrMo)
  2878 | D:4      | Noticed Crazy Yiuf
  2887 | D:4      | Killed Crazy Yiuf
  3333 | D:4      | Killed heinrich's ghost
  3333 | D:4      | Reached XP level 7. HP: 29/60 MP: 5/5
  3367 | D:4      | Reached skill level 5 in Fighting
  3451 | D:5      | Entered Level 5 of the Dungeon
  3585 | D:5      | Noticed Ijyb
  3605 | D:5      | Killed Ijyb
  3613 | D:5      | Found a blossoming altar of Fedhas.
  3624 | D:5      | Reached XP level 8. HP: 69/69 MP: 6/6
  3666 | D:5      | Found a snail-covered altar of Cheibriados.
  3967 | D:5      | Found a shadowy altar of Dithmenos.
  3980 | D:5      | Reached skill level 5 in Dodging
  4237 | D:5      | Found a shimmering altar of Xom.
  4526 | D:6      | Found a sparkling altar of Nemelex Xobeh.
  4526 | D:6      | Found a stormy altar of Qazlal.
  4602 | D:6      | Reached skill level 9 in Unarmed Combat
  4870 | D:7      | Found a flagged portal.
  4886 | Bailey   | Entered a bailey
  4897 | Bailey   | Reached skill level 10 in Unarmed Combat
  4897 | Bailey   | Reached XP level 9. HP: 60/74 MP: 7/7
  4911 | Bailey   | Noticed a deep elf priest
  4911 | Bailey   | Noticed a deep elf mage
  5089 | D:7      | Found a sand-covered staircase.
  5097 | Ossuary  | Entered an ossuary
  5289 | Ossuary  | Reached skill level 11 in Unarmed Combat
  5521 | D:7      | Found a staircase to the Ecumenical Temple.
  5527 | Temple   | Entered the Ecumenical Temple
  5737 | D:7      | Found a glowing silver altar of Zin.
  6053 | D:7      | Noticed Joseph
  6079 | D:7      | Killed Joseph
  6444 | D:8      | Found a sacrificial altar of Ru.
  6453 | D:8      | Became a worshipper of Ru the Awakened
  6459 | D:8      | Gained mutation: You are missing a hand. [Ru sacrifice]
  6459 | D:8      | Acquired Ru's first power
  6459 | D:8      | Acquired Ru's second power
  6459 | D:8      | Acquired Ru's third power
  6671 | D:7      | Reached XP level 10. HP: 89/89 MP: 7/7
  7251 | D:8      | Found Gratwit's Antique Weapon Emporium.
  7438 | D:8      | Reached skill level 12 in Unarmed Combat
  7954 | D:8      | Gained mutation: You cannot drink potions while threatened. [Ru sacrifice]
  7954 | D:8      | Acquired Ru's fourth power
  8148 | D:9      | Noticed a cyclops
  8168 | D:9      | HP: 1/91 [centaur/arrow[a crimson imp] (10)]
  8392 | D:9      | Noticed a hill giant
  8406 | D:9      | Killed a hill giant
  8470 | D:9      | Noticed a red ugly thing
  8537 | D:9      | Found a bloodstained altar of Trog.
  8567 | D:9      | Reached skill level 1 in Armour
  8727 | D:9      | Found a white marble altar of Elyvilon.
  8763 | D:10     | Entered Level 10 of the Dungeon
  8787 | D:10     | Noticed Erica
  8958 | D:10     | Learned a level 6 spell: Monstrous Menagerie
  8961 | D:10     | Learned a level 1 spell: Summon Butterflies
  9220 | D:10     | Reached skill level 1 in Summonings
  9421 | D:10     | Found a staircase to the Lair.
  9439 | D:10     | Reached XP level 11. HP: 86/97 MP: 8/8
  9901 | Lair:1   | Entered Level 1 of the Lair of Beasts
  9919 | Lair:1   | Reached skill level 1 in Evocations
 10017 | Lair:1   | Gained mutation: You cannot study or cast Earth magic. [Ru sacrifice]
 10017 | Lair:1   | Gained mutation: You cannot study or cast Hexes magic. [Ru sacrifice]
 10017 | Lair:1   | Gained mutation: You cannot study or cast Summoning magic. [Ru sacrifice]
 10017 | Lair:1   | Acquired Ru's fifth power
 10112 | Lair:1   | Noticed a six-headed hydra
 10123 | Lair:1   | Killed a six-headed hydra
 10291 | Lair:1   | Reached skill level 5 in Evocations
 11258 | Lair:2   | Found a labyrinth entrance.
 11324 | Lab      | Entered a labyrinth
 11389 | Lab      | Noticed a minotaur
 11404 | Lab      | Killed a minotaur
 11404 | Lab      | Reached skill level 13 in Unarmed Combat
 11845 | Lair:2   | Reached XP level 12. HP: 105/105 MP: 20/20
 12074 | Lair:2   | Reached skill level 14 in Unarmed Combat
 12676 | Lair:3   | Reached skill level 15 in Unarmed Combat
 12994 | Lair:3   | Reached skill level 10 in Fighting
 13251 | Lair:3   | Noticed an eight-headed hydra
 13256 | Lair:3   | Killed an eight-headed hydra
 13883 | Lair:4   | Found a hole to the Spider Nest.
 13967 | Lair:5   | Reached skill level 10 in Dodging
 14312 | Lair:5   | Reached XP level 13. HP: 109/113 MP: 21/21
 14645 | Lair:5   | Gained mutation: You are dopey. (Int -2) [Ru sacrifice]
 14975 | Lair:5   | Noticed a death yak
 14996 | Lair:5   | Killed a death yak
 14996 | Lair:5   | Reached skill level 5 in Armour
 15013 | Lair:5   | Noticed a death yak
 15013 | Lair:5   | Noticed a death yak
 15028 | Lair:5   | Killed a death yak
 15035 | Lair:5   | HP: 1/113 [death yak (13)]
 15037 | Lair:5   | Slain by a death yak

Action                   |  1- 3 |  4- 6 |  7- 9 | 10-12 | 13-15 || total
-------------------------+-------+-------+-------+-------+-------++-------
Melee: Unarmed           |    85 |   189 |   358 |   930 |   108 ||  1670
 Fire: Blowgun           |       |    13 |    40 |   139 |    57 ||   249
Throw: Stone             |     2 |     4 |    34 |    14 |       ||    54
       Tomahawk          |     2 |       |     3 |    22 |     3 ||    30
       Javelin           |       |       |       |     1 |       ||     1
Invok: Sacrifice a Hand  |       |       |     1 |       |       ||     1
       Sacrifice Drink   |       |       |       |     1 |       ||     1
       Sacrifice Arcana  |       |       |       |     1 |       ||     1
       Reject Sacrifices |       |       |       |     1 |       ||     1
       Sacrifice Purity  |       |       |       |       |     1 ||     1
Evoke: Wand              |       |     4 |     1 |    18 |     2 ||    25
       Lamp of fire      |       |       |       |     2 |       ||     2
  Use: Scroll            |       |    15 |    11 |    12 |     1 ||    39
       Potion            |       |       |     1 |     2 |       ||     3
 Stab: Sleeping          |     1 |     4 |    12 |    31 |     6 ||    54
       Distracted        |       |     1 |     1 |    12 |     1 ||    15
       Invisible         |       |       |       |    13 |     3 ||    16
       Paralysed         |       |       |       |     1 |       ||     1
  Eat: Chunk             |     6 |    21 |    23 |    88 |     9 ||   147
